 Dungeon Crawl Stone Soup version 0.18-a0-1088-g34ef3a2 (webtiles) character file.

18 lysy the Chucker (level 2, 0/29 HPs)
             Began as an Ogre Hunter on Jan 15, 2016.
             Succumbed to an adder's poison
             ... on level 1 of the Dungeon.
             The game lasted 00:02:25 (1002 turns).

lysy the Chucker (Ogre Hunter)                      Turns: 1002, Time: 00:02:26

Health: 0/29       AC:  3    Str: 16    XL:     2   Next: 66%
Magic:  2/2        EV: 10    Int: 10    God:
Gold:   10         SH:  0    Dex: 10    Spells: 0 memorised, 1 level left

rFire  . . .     SeeInvis .     h - +0 club
rCold  . . .     Gourm    .     b - +0 robe
rNeg   . . .     Faith    .     (no shield)
rPois  .         Spirit   .     (helmet restricted)
rElec  .         Dismiss  .     (no cloak)
rCorr  .         Reflect  .     (gloves unavailable)
SustAt .         Harm     .     (boots unavailable)
MR     .....                    (no amulet)
Stlth  +.........               (no ring)
                                (no ring)

@: lethally poisoned (0 -> -11), not resistant to hostile enchantments, very
unstealthy
A: unfitting armour, tough skin 1
a: no special abilities


You were on level 1 of the Dungeon.
You were not hungry.

You visited 1 branch of the dungeon, and saw 1 of its levels.

You collected 10 gold pieces.


Innate Abilities, Weirdness & Mutations

You are too large for most types of armour.
You have tough skin (AC +1).


   Skills:
 - Level 2.6 Fighting
 + Level 2.0 Maces & Flails
 - Level 4.2 Throwing
 - Level 2.0 Dodging
 - Level 0.7 Stealth


You had one spell level left.
You didn't know any spells.

Inventory:

Hand Weapons
 a - a +0 short sword
 h - a +0 club (weapon)
Missiles
 d - 2 throwing nets {=f}
 l - 13 poisoned needles
 o - 15 stones (quivered)
Armour
 b - a +0 robe (worn)
Scrolls
 e - a scroll of recharging {unknown}
 g - 2 scrolls of remove curse {unknown}
 i - 3 scrolls of identify {unknown}
 n - a scroll of teleportation {unknown}
Potions
 j - 2 potions of cure mutation {unknown}
 k - 2 potions of heal wounds {unknown}
Comestibles
 f - a bread ration
 m - 3 chunks of flesh
 p - a royal jelly

Dungeon Overview and Level Annotations

Branches:
Dungeon (1/15)

Altars:

▒▒▒▒▒▒ ▒.▒.. .... .....▒
▒.▒.. . . ▒▒▒▒.▒ ▒.▒..▒
▒£.▒ ▒ ▒.▒ ▒.▒ ..▒ . . ▒..
▒.▒ ▒.▒▒ ..▒..▒..▒.
▒▒▒▒.▒▒▒▒▒▒▒.▒▒.▒..▒..▒..▒
.>.........▒.▒▒...........
▒▒.▒▒▒.▒▒▒.▒.▒▒▒▒▒g.(((..(
...▒ ▒..........O.S.▒▒▒▒▒▒
▒▒.▒▒▒.▒▒▒▒▒▒▒▒▒▒▒▒▒▒
▒▒▒...▒▒ .....▒▒ ▒▒▒▒▒▒


You could see an adder and a goblin.


Message History

Throwing (i - inventory. (,) - cycle):
c - 4 large rocks (quivered)
{=f}
Aim: an adder (almost dead)
You throw a large rock {=f}.
The large rock {=f} closely misses the adder.
The goblin shouts!
* * * LOW HITPOINT WARNING * * *
You feel sick. The adder bites you.
* * * LOW HITPOINT WARNING * * *
You are more poisoned.
The adder poisons you! The adder misses you.
Throwing (i - inventory. (,) - cycle):
c - 3 large rocks (quivered)
{=f}
Aim: an adder (severely wounded)
You throw a large rock {=f}. The large rock {=f} misses the adder.
* * * LOW HITPOINT WARNING * * *
You feel sick. The adder bites you but does no damage.
Throwing (i - inventory. (,) - cycle):
c - 2 large rocks (quivered)
{=f}
Aim: an adder (severely wounded)
You throw a large rock {=f}.
The large rock {=f} closely misses the adder.
* * * LOW HITPOINT WARNING * * *
You feel sick. The adder completely misses you.
Throwing (i - inventory. (,) - cycle):
c - a large rock (quivered)
{=f}
Aim: an adder (severely wounded)
You throw a large rock {=f}.
The large rock {=f} closely misses the adder.
* * * LOW HITPOINT WARNING * * *
You feel sick. The adder closely misses you.
* * * LOW HITPOINT WARNING * * *
You feel sick.
You die...

Action                   || total
-------------------------++-------
Melee: Short sword       ||    30
       Club              ||    44
Throw: Stone             ||     5
       Large rock        ||     5

Vault maps used:
D:1:      shiori_arrival_maze, minmay_misc_feat_diagonals, st_stairs_3

Notes
Turn   | Place    | Note
--------------------------------------------------------------
     0 | D:1      | lysy the Ogre Hunter began the quest for the Orb.
     0 | D:1      | Reached XP level 1. HP: 22/22 MP: 1/1
   255 | D:1      | Reached skill level 2 in Dodging
   375 | D:1      | Reached XP level 2. HP: 22/29 MP: 2/2
   380 | D:1      | Reached skill level 1 in Maces & Flails
   806 | D:1      | Reached skill level 2 in Maces & Flails
  1000 | D:1      | HP: 2/29 [poisoned by an adder]
  1002 | D:1      | Succumbed to an adder's poison

Vanquished Creatures
  A giant cockroach (D:1)
  4 goblins (D:1)
  4 hobgoblins (D:1)
  A kobold (D:1)
  2 bats (D:1)
  2 giant newts (D:1)
  3 rats (D:1)
17 creatures vanquished.
